[Event "GER-ch Youth-U18 2022"]
[Site "Willingen"]
[Date "2022.06.09"]
[Round "7.2"]
[White "Pubantz, Jan"]
[Black "Dahl, Christoph"]
[Result "0-1"]
[ECO "E92"]
[WhiteElo "2265"]
[BlackElo "2368"]
[Annotator "TA"]
[PlyCount "133"]
[EventDate "2022.06.05"]
[EventType "swiss"]
[EventRounds "9"]
[EventCountry "GER"]
[SourceTitle "playchess.com"]
[Source "ChessBase"]
[SourceQuality "1"]
[TimeControl "40/4500+30:900+30"]

1. d4 Nf6 2. c4 g6 3. Nc3 Bg7 4. e4 d6 5. Be2 O-O 6. Nf3 e5 7. Be3 Na6 8. d5 Ng4 9. Bg5 f6 10. Bh4 h5 {[%emt 0:00:00] E92: King's Indian: Classical: 6 Be2 e5: 7 dxe5, 7 Be3 and Petrosian System without 7...Nbd7.} 11. Nd2 ({Of course not} 11. h3 Nh6 $11) 11... Nh6 {[%emt 0:00:00] ...g5 is the strong threat.} 12. f3 Qe8 {[%emt 0:00:26] White is slightly better.} 13. h3 {[%emt 0:12:04] [#]} g5 $146 ({Predecessor:} 13... f5 14. a3 g5 15. Bf2 Qg6 16. exf5 Nxf5 17. Bd3 Qf7 18. Nce4 Bh6 19. Qc2 Nd4 {1-0 (48) Laurusas,T (2291)-Khosla,S (2354) Porto Carras 2010}) 14. Bf2 h4 15. Nb3 b6 16. Be3 Nf7 17. Qd2 Nh8 18. O-O-O Ng6 19. g3 hxg3 20. Rdg1 Kf7 $1 21. Rxg3 {[%emt 0:12:55][%cal Oe3g5] next Bxg5! is good for White.} Rh8 22. Nd1 Nc5 23. Nxc5 dxc5 24. Nc3 Bf8 25. a3 Be7 26. Bf1 Bd7 27. Nd1 Bd6 28. Nf2 Qe7 29. b3 a6 30. Qc2 Nf4 31. Rgg1 b5 32. Nd3 (32. h4 $11 {might be stronger.}) 32... bxc4 33. bxc4 Ng6 34. Qf2 {[%emt 0:01:06] White is on the road to losing.} ({White should play} 34. Kb2 $15) 34... c6 $17 {[%emt 0:00:54] The board is on fire.} 35. dxc6 Bxc6 36. Bxc5 $2 (36. h4 Nxh4 37. Be2) 36... Nf4 $19 {[%emt 0:00:24] White must now prevent ...Nxd3+.} 37. Bxd6 (37. Bb4 $142 Nxd3+ 38. Bxd3 Bxb4 39. axb4 Qxb4 40. Kd1) 37... Qxd6 38. Nxf4 exf4 ({Weaker is} 38... gxf4 39. c5 Qe6 40. Qg2 $11) 39. c5 Qe5 40. Bc4+ Kg7 41. Kb1 Qc3 42. Rc1 Qxa3 {[%emt 0:00:00] ( -> ...Rab8+)} 43. Ba2 Rab8+ 44. Ka1 {[%emt 0:00:17] [#]} Rxh3 $3 45. Qc2 (45. Qd2 Rxh1) 45... Rxh1 46. Rxh1 Qb4 $2 (46... Qxf3 47. Rc1 Rb4) 47. Rb1 (47. Rc1 Qa3 48. Re1) 47... Qd4+ 48. Rb2 f5 49. Bd5 {[%emt 0:03:02] [#]} Rb5 $1 50. Bxc6 (50. Qd2 Qxb2+) 50... Ra5+ 51. Kb1 Qg1+ 52. Qc1 {[%emt 0:00:06] [#]} Ra1+ $3 {[%emt 0:00:00][%mdl 576] Skewer, Deflection} 53. Kxa1 Qxc1+ {[%emt 0:00:00][%mdl 4096] Endgame KQ-KRB} 54. Ka2 Qxc5 55. Bd5 {[%emt 0:00:19] Inhibits Qc4+.} fxe4 56. Bxe4 g4 {[%emt 0:00:00] Black mates.} 57. Rb7+ Kf6 58. Rh7 gxf3 59. Rh6+ Kg5 60. Rg6+ Kh5 61. Rc6 Qe3 62. Bg6+ Kg5 63. Rxa6 Qe2+ 64. Bc2 Qxa6+ 65. Kb1 f2 66. Bd3 Qxd3+ 67. Ka2 {[%emt 0:00:09] Weighted Error Value: White=1.00/Black=0.47} 0-1

[Event "GER-ch Youth-U18 2022"]
[Site "Willingen"]
[Date "2022.06.09"]
[Round "7.3"]
[White "Zackrisson, Peter"]
[Black "Weishaeutel, Moritz"]
[Result "0-1"]
[ECO "B52"]
[WhiteElo "2015"]
[BlackElo "2406"]
[Annotator "TA"]
[PlyCount "104"]
[EventDate "2022.06.05"]
[EventType "swiss"]
[EventRounds "9"]
[EventCountry "GER"]
[SourceTitle "playchess.com"]
[Source "ChessBase"]
[SourceQuality "1"]
[TimeControl "40/4500+30:900+30"]

1. e4 c5 2. Nf3 d6 3. Bb5+ Bd7 4. Bxd7+ Qxd7 5. c4 Nf6 6. Nc3 Nc6 7. d4 cxd4 8. Nxd4 g6 9. f3 Bg7 10. Be3 O-O 11. O-O a6 12. Qd3 {[%emt 0:00:00] B52: Sicilian: Moscow Variation with 3...Bd7.} Rab8 {[%emt 0:00:00] 12...Rfc8 is becoming the main line.} 13. Rac1 Rfc8 14. Nxc6 {[%emt 0:02:20] [#] White is slightly better.} bxc6 $146 ({Predecessor:} 14... Rxc6 15. a4 Qd8 16. b3 Nd7 17. Rfd1 Nc5 18. Qb1 Bxc3 19. Rxc3 Qc7 {1-0 (57) Zhang,Z (2634)-Sandipan,C (2593) Singapore 2007}) 15. b3 Qb7 16. c5 (16. Na4 $14) 16... d5 $11 17. Rfd1 e6 (17... dxe4 $11 18. Nxe4 Nd5) 18. Bf4 $14 Ra8 19. Na4 {[%emt 0:00:44] Threatening Nb6.} Nd7 {[%emt 0:01:22] Prevents Nb6.} 20. Rc2 Re8 21. Be3 Rad8 22. Qe2 Nf6 23. Bg5 dxe4 24. Rxd8 Rxd8 25. fxe4 Rd4 26. Be3 (26. Nc3 $17) 26... Rxe4 $19 27. Qd3 Qd7 (27... Qb4 $19 28. Qd8+ Bf8) 28. Qxd7 $17 Nxd7 29. Rd2 Rxe3 30. Kf2 {[%emt 0:03:38] [#]} Re5 $1 31. Rxd7 {[%emt 0:00:17][%mdl 4096] Endgame KRB-KRN} Rd5 32. Rc7 Rd2+ (32... Bd4+ $1 $17 33. Ke2 Bxc5 34. Rxc6 Bg1) 33. Kf3 {[%emt 0:00:44] [#]} ({White should try} 33. Ke3 $1 $15 Rxg2 34. Rxc6) 33... f5 (33... Rxa2 34. Rxc6 Be5 35. Rxa6 $11) (33... Bd4 $1 $19 {Strongly threatening ...f5.} 34. Rc8+ Kg7 35. Rxc6 e5) 34. Rxc6 e5 35. Rd6 $2 ({Better is} 35. Rc8+ $15 Kf7 36. Rc7+ Kf6 37. Kg3) 35... e4+ $19 (35... Rxa2 36. Rd8+ Kf7 37. Rd7+ Kf6 38. c6 e4+ 39. Kg3 $17) 36. Kf4 Rf2+ (36... Rxg2 37. Rd8+ Kf7 38. Rd7+ Kf6 39. Rd6+ Ke7 40. Nb6) 37. Kg3 $2 (37. Ke3 Rxg2 38. Rxa6) 37... Rc2 $2 (37... e3 {( -> ...Be5+)} 38. Rd8+ (38. Re6 $2 Bd4 $19) 38... Kf7 39. Rd7+ Ke6) 38. Rd5 {[%emt 0:01:16] Inhibits Be5+.} (38. Rd8+ $142 Kf7 39. Rd7+ Kf8 40. Rd5 (40. Kf4 $2 Bh6+ 41. Kg3 f4+ 42. Kh3 Bg7 $19)) 38... Kf7 (38... Rxa2 $2 39. c6 Bf8 40. c7 $18) 39. Nb6 $2 (39. Rd7+ Kf8 40. Rd5 (40. Kf4 $2 Bh6+ 41. Kg3 f4+ 42. Kh3 Bg7 $19)) 39... Rc3+ $2 (39... Rxa2 40. c6 Rc2 41. Nc4 $18) (39... e3 $19 {and Black stays clearly on top. And now ...f4+ would win.} 40. Rd7+ Ke8) 40. Kf2 $17 {[%emt 0:00:46] [#]} Rxc5 $1 41. Rxc5 (41. Rd7+ $17 Kf6 42. Nc4) 41... Bd4+ $19 {[%emt 0:15:05][%mdl 64] Skewer, Double Attack} 42. Ke2 Bxc5 {[%emt 0:00:00] KB-KN} 43. Nd7 Bd6 44. h3 Ke6 45. Nb6 Bc5 46. Nc4 Kd5 47. Kd2 f4 {[%emt 0:00:00][%cal Bf5f4,Bf4f3][%mdl 32] White must now prevent ...g5.} 48. Ke2 g5 49. h4 g4 50. h5 f3+ {[%emt 0:00:00] Black mates.} 51. gxf3 exf3+ 52. Kf1 g3 {[%emt 0:00:00] Weighted Error Value: White=1.00/Black=0.34} 0-1

[Event "GER-ch Youth-U18 2022"]
[Site "Willingen"]
[Date "2022.06.09"]
[Round "7.4"]
[White "von Mettenheim, Johannes"]
[Black "Dobrikov, Marco"]
[Result "1-0"]
[ECO "E73"]
[WhiteElo "2176"]
[BlackElo "2234"]
[Annotator "TA"]
[PlyCount "96"]
[EventDate "2022.06.05"]
[EventType "swiss"]
[EventRounds "9"]
[EventCountry "GER"]
[SourceTitle "playchess.com"]
[Source "ChessBase"]
[SourceQuality "1"]
[TimeControl "40/4500+30:900+30"]

1. d4 Nf6 2. c4 g6 3. Nc3 Bg7 4. e4 d6 5. Be2 O-O 6. Bg5 Na6 7. Qd2 e5 8. d5 Qe8 9. h4 Nc5 10. Bf3 a5 {[%emt 0:00:00] E73: King's Indian: Averbakh Variation without 6...c5.} 11. h5 {[%emt 0:00:00] [#]} c6 $146 (11... gxh5 12. Nge2 Ng4 13. Bxg4 (13. Rxh5 f6 $17) 13... Bxg4 14. Be3 $14) (11... Nxh5 $11 {keeps the balance.} 12. Bxh5 gxh5) ({Predecessor:} 11... Bg4 12. Bxf6 Bxf3 13. Bxg7 Kxg7 14. hxg6 hxg6 15. Nxf3 Rh8 16. O-O-O a4 17. Rh2 Qd7 18. Rdh1 Rxh2 19. Rxh2 Qg4 20. Qh6+ Kf6 21. Qh4+ Qxh4 22. Rxh4 Nd3+ 23. Kc2 Nxf2 24. Kd2 {1-0 (24) Laflamme,S (1948)-Oliver,V (1499) Ste Foy 2018}) 12. Nh3 (12. Nge2 $16) 12... cxd5 {[%emt 0:01:41][%cal Rf6e4] The position is equal.} (12... gxh5 13. Bh6 Nd3+ 14. Ke2 Nf4+ 15. Nxf4 (15. Bxf4 exf4 16. Nxf4 Bg4 $14) 15... exf4 16. Bxg7 (16. Bxf4 cxd5 17. Nxd5 Nxe4 $14) (16. Qxf4 Qe5 $16) 16... Kxg7 17. Qxf4 $16) 13. cxd5 (13. Bxf6 $11 Bxf6 14. Nxd5) 13... b5 $1 $17 {[%emt 0:04:28] Hoping for ...b4.} (13... gxh5 14. Bh6 Nd3+ 15. Ke2 Nf4+ 16. Nxf4 (16. Bxf4 exf4 17. Kf1 b5 $11) 16... exf4 17. Bxg7 (17. Bxf4 b5 $11) (17. Qxf4 Bxh6 18. Qxf6 Bg7 $16) 17... Kxg7 18. Qxf4 $16) 14. Bxf6 Bxf6 15. Ne2 Qe7 16. Nc1 Bxh3 17. Rxh3 Bg5 18. Qe2 Rac8 {[%emt 0:06:08][%cal Ba8c8,Bc8b8,Bb8b4][%mdl 32] Threatens to win with ...Bxc1.} 19. Kf1 (19. Nd3 $15) 19... Nxe4 20. Nb3 {[%emt 0:00:26] Prevents Nd2+.} (20. Bxe4 $17 Bxc1 21. hxg6 fxg6 22. Rf3) 20... Nc5 21. Qxb5 Rb8 22. Qc4 Nxb3 (22... Rfc8 $19 {Strongly threatening ...Nxb3.} 23. Nxa5 Rxb2) 23. axb3 Rfc8 24. Qd3 Rb4 25. hxg6 hxg6 26. Be2 (26. Be4 $17) 26... Kg7 27. Qa6 Rc2 28. Bc4 $2 (28. Qa8 $2 Rh4 29. Qa6 e4 30. Rxh4 Bxh4 $19) (28. Qxa5 $17 Rd4 29. Bd3 (29. Qa8 $2 Rh4 $19)) 28... e4 $19 (28... Qf6 29. Rf3 Qe7 30. Qc8 $17) 29. Kg1 (29. Qc8 $142 Bh4 30. Qg4 (30. g3 $2 Qf6 $19) 30... Bxf2 31. Qf4) 29... e3 (29... Qf6 30. Rf1 $17) 30. fxe3 Bxe3+ 31. Kh1 Qe4 $2 (31... Qg5 {mates} 32. Rh2 Bf4 33. Qc8 Bxh2 34. Qh3 Bg3 35. Rf1 Rb8 36. Rxf7+ Kxf7 37. Bf1 Qf4 38. Qh7+ Kf6 39. Qxg6+ Kxg6 40. Bd3+ Kg5 41. Kg1 Bf2+ 42. Kh1 Qh4#) 32. Bf1 {[%emt 0:02:00] [#]} Rxb2 $2 (32... Qxd5 $1 $17 {stays on course.} 33. Rxa5 (33. Rxe3 Rh4+ 34. Kg1 Rg4) (33. Qxa5 Qxa5) 33... Qe4) 33. Qa8 $36 {[%emt 0:02:39][%csl Gh3][%cal Ra8h8][%mdl 2048] White is on the roll. Dancing on a razor blade.} Qh4 {[%emt 0:08:45] Inhibits Qh8+.} (33... Bh6 {is more resistant.} 34. Rxh6 (34. Rxa5 {leads to mate.} Rxg2) 34... Kxh6 35. Qh8+ Kg5 36. Qxb2 Qe3) 34. Re1 $4 Bb6 35. Re8 $2 (35. g3 $19 Qd8 36. Qxd8 Bxd8 37. g4) 35... Qf2 (35... Rb1 $142 36. Rg8+ Kf6 37. Rxg6+ Kxg6 38. Qa6 Qf2 39. Qd3+ f5 40. Qg3+ Qxg3 41. Rxg3+ Kh5 42. Rh3+ Rh4 43. g4+ fxg4 44. Rxh4+ Kxh4 45. Kg2 Rc1 46. b4 axb4 47. Kh1 Rxf1+ 48. Kh2 b3 49. Kg2 Rg1+ 50. Kh2 g3#) 36. Rg8+ $19 Kf6 37. Rxg6+ fxg6 $2 (37... Kxg6 $19 38. Qg8+ Kf6 39. Rf3+ Qxf3 $3 40. Qh8+ Ke7 41. gxf3 R2xb3) 38. Qf8+ $1 $11 Ke5 39. Qe7+ $2 (39. Qe8+ $11 {and White is okay.} Kf5 40. Qe6+ (40. Bd3+ Kf4 $11) 40... Kg5 41. Qe7+ Kg4 42. Qe6+ Kg5 43. Qe7+ Kg4 44. Qe6+ Kg5) 39... Kxd5 $2 (39... Kd4 $1 $19 40. Rf3 Qxf3 $1 41. gxf3 Kc3) 40. Qb7+ $1 Ke6 41. Qc8+ Ke7 42. Qb7+ $2 {[%emt 0:00:00][%mdl 8192] [#]} (42. Rh7+ $11 Kf6 43. Qf8+ Ke5 44. Re7+ Kd5 45. Qa8+ Kd4 46. Qh8+ Kd5 47. Qa8+ Kd4 48. Qh8+ Kd5 49. Qa8+) 42... Kf6 $1 ({And not} 42... Ke6 43. Qc8+ Kf7 44. Rh7+ Kf6 45. Qf8+ Ke5 46. Re7+ Kd5 47. Qg8+ Kc5 48. Qc8+ Kd5 49. Qg8+ Kd4 50. Qh8+ Kd5 51. Qg8+ $11) 43. Rf3+ {[%emt 0:00:00] [#]} Kg5 $2 (43... Rf4 $1 $19 44. Rxf2 Bxf2) 44. Qe7+ Kh6 $2 {[%emt 0:00:00][%mdl 8192] A mistake that costs the game.} (44... Kh5 $11 45. Qh7+ Kg5 46. Qe7+ Kh5 47. Rxf2 Rxf2 48. Be2+ Kh6) 45. Rh3+ {[%emt 0:00:00] White mates.} Rh4 46. Rxh4+ Qxh4+ 47. Qxh4+ Kg7 48. Qe7+ Kh6 {[%emt 0:00:00] Weighted Error Value: White=1.06/Black=1.19} 1-0

[Event "GER-ch Youth-U18 2022"]
[Site "Willingen"]
[Date "2022.06.09"]
[Round "7.5"]
[White "Weidemann, Jakob"]
[Black "Musiolik, David"]
[Result "0-1"]
[ECO "C03"]
[WhiteElo "2047"]
[BlackElo "2220"]
[Annotator "TA"]
[PlyCount "62"]
[EventDate "2022.06.05"]
[EventType "swiss"]
[EventRounds "9"]
[EventCountry "GER"]
[SourceTitle "playchess.com"]
[Source "ChessBase"]
[SourceQuality "1"]
[TimeControl "40/4500+30:900+30"]

1. e4 e6 2. d4 d5 3. Nd2 Be7 4. Bd3 c5 5. exd5 Qxd5 6. Ngf3 {[%emt 0:00:50] C03: French Tarrasch: Unusual Black 3rd moves.} cxd4 7. Be4 Qd6 {[%emt 0:00:00] [#]} 8. Qe2 $146 {[%emt 0:00:54] Black is slightly better.} ({Predecessor:} 8. O-O Nf6 9. Re1 Nc6 10. Bxc6+ bxc6 11. Nc4 Qd5 12. Qxd4 c5 13. Qc3 O-O 14. Ne3 {½-½ (50) Martinez Gamiz,M (1899)-Lopez Santana,O (2119) Barcelona 2022}) 8... Nf6 9. Qc4 O-O 10. Nxd4 Nxe4 11. Nxe4 Qa6 (11... Qd8 {is more complex.} 12. Nf3 e5 13. O-O Nc6) 12. Qxa6 Nxa6 13. f4 b6 14. O-O Bb7 {[%emt 0:02:34] Against Nc6} 15. Re1 Rfd8 16. c3 {[%emt 0:00:22] [#]} Nb4 $1 $36 {[%emt 0:05:18][%cal Od8d4][%mdl 2560] Strongly threatening ...Rxd4! Black is on the roll.} 17. Re2 {[%emt 0:09:30] [#]} (17. Nf2 Rxd4) 17... Rac8 $1 18. Bd2 Ba6 {[%emt 0:01:09] This bishop pair is nice.} 19. Re3 (19. Ree1 $142) 19... Nd3 $17 20. f5 (20. Rg3 $17 {was worth a try.}) 20... e5 $19 ({And not} 20... Nxb2 21. fxe6 fxe6 22. Nxe6 $17) 21. f6 exd4 ({Not} 21... Bxf6 22. Nf5 $17) 22. Rg3 (22. Rxd3 Bxd3 23. fxe7) 22... Bf8 {[%emt 0:13:05] Black is clearly winning.} 23. fxg7 Be7 {[%emt 0:00:45] Inhibits Nf6+.} ({Weaker is} 23... Bxg7 24. Bh6 Rc6 25. Bxg7 $14) 24. Bg5 Nc5 25. Nxc5 Bxc5 26. Bxd8 (26. b4 $142 Bd6 27. cxd4 Bxg3 28. Bxd8) 26... dxc3+ 27. Kh1 cxb2 28. Rd1 Be2 29. Bf6 Bxd1 30. Bxb2 Re8 31. Bc3 {[%emt 0:00:26] Inhibits Re1+.} Re3 {[%emt 0:00:20] Weighted Error Value: White=0.63/Black=0.27 (precise)} 0-1

[Event "GER-ch Youth-U18 2022"]
[Site "Willingen"]
[Date "2022.06.09"]
[Round "7.6"]
[White "Colbow, Collin"]
[Black "Chen, Qingzhi Alexander"]
[Result "1-0"]
[ECO "B07"]
[WhiteElo "2360"]
[BlackElo "1879"]
[Annotator "TA"]
[PlyCount "87"]
[EventDate "2022.06.05"]
[EventType "swiss"]
[EventRounds "9"]
[EventCountry "GER"]
[SourceTitle "playchess.com"]
[Source "ChessBase"]
[SourceQuality "1"]
[TimeControl "40/4500+30:900+30"]

1. e4 d6 2. d4 Nf6 3. Nc3 g6 4. g3 Bg7 5. Bg2 Nc6 6. Nge2 O-O 7. d5 {[%emt 0:00:00] B07: Pirc Defence: Miscellaneous Systems.} Nb8 8. h3 c5 {[%emt 0:00:00] [#]} 9. Be3 $146 {[%emt 0:01:17] White is slightly better.} ({Predecessor:} 9. O-O Na6 10. Be3 Rb8 11. a4 Nd7 12. Qd2 Ne5 13. Qd1 Nc4 14. Bc1 Nb4 15. b3 {0-1 (59) Rengarajan,S (2156)-Deepan Chakkravarthy,J (2476) Bhopal 2013}) 9... b5 10. Nxb5 Ba6 11. Nbc3 {[%emt 0:19:24] White is more active.} Nfd7 12. O-O (12. a4 $142) 12... Qb6 13. Rb1 Bxe2 (13... Bxc3 $16 14. bxc3 Qa5) 14. Qxe2 Na6 15. Nd1 Rab8 16. f4 Qb5 17. Bf3 Nc7 18. c4 Qa5 19. b3 Na6 20. Rf2 Nb4 21. Kh2 Rb6 22. Bc1 Rfb8 23. Bg4 R6b7 24. Bxd7 Rxd7 25. e5 Qc7 $2 (25... e6 {keeps fighting.}) 26. a3 $18 Na6 27. e6 fxe6 28. Qxe6+ Kh8 29. Bb2 Rf8 (29... Bxb2 $142 30. Rbxb2 Qc8) 30. f5 Qd8 31. fxg6 Rxf2+ 32. Nxf2 {[%emt 0:00:01] [#] Intending Bxg7+ and mate.} Qf8 (32... Bxb2 $142 33. Rxb2 Nc7) 33. Ng4 Rc7 34. gxh7 {[%emt 0:00:35][%cal Ob1f1] White wants to mate with Rf1!} Kxh7 35. Bxg7 Kxg7 36. Rb2 {[%emt 0:02:16][%cal Bb1b2,Bb2f2,Bf2f7][%mdl 32] [#] White threatens Rf2 and mate.} Qf7 37. Qh6+ Kg8 38. Rf2 {[%emt 0:00:07] White mates.} Qg7 39. Qe6+ Kh8 40. Rf7 Qb2+ 41. Nf2 Qd2 42. Rf8+ Kg7 43. Rg8+ Kh7 44. Qg6# {Weighted Error Value: White=0.15 (very precise) /Black=0.82} 1-0

[Event "GER-ch Youth-U18 2022"]
[Site "Willingen"]
[Date "2022.06.09"]
[Round "7.7"]
[White "Geltz, Noah"]
[Black "Hinrichs, Paul"]
[Result "1-0"]
[ECO "C44"]
[WhiteElo "2156"]
[BlackElo "2244"]
[Annotator "TA"]
[PlyCount "63"]
[EventDate "2022.06.05"]
[EventType "swiss"]
[EventRounds "9"]
[EventCountry "GER"]
[SourceTitle "playchess.com"]
[Source "ChessBase"]
[SourceQuality "1"]
[TimeControl "40/4500+30:900+30"]

1. e4 e5 2. Nf3 Nc6 3. d4 exd4 4. Nxd4 Bb4+ 5. c3 Bc5 6. Be3 Bb6 7. Nf5 g6 {[%emt 0:00:00] C45: Scotch Game.} 8. Bxb6 $1 axb6 9. Ne3 d6 {[%emt 0:00:00] [#] White has an edge.} 10. Bd3 $146 ({Predecessor:} 10. c4 Nge7 11. Nc3 O-O 12. h4 f5 13. h5 g5 14. h6 f4 15. Nc2 Ne5 16. Qd2 {1-0 (43) Xiong,J (2672)-Postny,E (2623) Chess.com INT 2019}) 10... Nf6 11. c4 {[%emt 0:00:00] Against d5} Nb4 12. Nc3 Nxd3+ 13. Qxd3 {[%emt 0:00:00] White leaves nothing to chance now.} O-O 14. O-O Bd7 15. Qd4 Bc6 16. Rae1 Re8 17. f3 Nd7 {[%emt 0:04:36] [#]} (17... Qe7 $142) 18. b4 $1 $16 {[%emt 0:03:33] White is more active.} Qf6 {[%emt 0:01:07] [#]} (18... Nf6 $16 19. Rf2 Bd7) 19. Qd2 $1 $18 Ne5 20. b5 Ra3 21. bxc6 bxc6 22. Rc1 Rea8 23. Kh1 Qe6 24. Qe2 Qf6 25. Rc2 Nd7 26. Qd2 Nc5 27. Ng4 Qg7 28. Re1 {[%emt 0:08:04] aiming for e5.} Re8 (28... h5 $142) 29. e5 dxe5 30. Rxe5 Ne6 $2 (30... Raa8) 31. Ne4 {[%emt 0:01:26] Black must now prevent Nef6+.} Rd8 (31... Kh8 $142 32. Ngf6 Raa8) 32. Nef6+ {[%emt 0:00:19] Weighted Error Value: White=0.12 (very precise) /Black=0.42} 1-0

[Event "GER-ch Youth-U18 2022"]
[Site "Willingen"]
[Date "2022.06.09"]
[Round "7.8"]
[White "Jeschke, Jan"]
[Black "Weihrauch, Jakob"]
[Result "1/2-1/2"]
[ECO "B21"]
[WhiteElo "2130"]
[BlackElo "2139"]
[Annotator "TA"]
[PlyCount "100"]
[EventDate "2022.06.05"]
[EventType "swiss"]
[EventRounds "9"]
[EventCountry "GER"]
[SourceTitle "playchess.com"]
[Source "ChessBase"]
[SourceQuality "1"]
[TimeControl "40/4500+30:900+30"]

1. e4 c5 2. d4 cxd4 3. c3 dxc3 4. Nxc3 Nc6 5. Nf3 e6 6. Bc4 a6 7. O-O b5 {[%emt 0:00:00] B21: Sicilian: 2 f4 and Morra Gambit.} 8. Bd3 Bb7 9. Re1 {[%emt 0:00:30] [#]} d6 $146 {[%emt 0:00:00] Black is slightly better.} ({Predecessor:} 9... Nge7 10. Bf4 Nb4 11. Bf1 Ng6 12. Bg3 Nc6 13. Rc1 Na5 14. Nd5 Bxd5 15. Bc7 Qf6 16. exd5 {½-½ (32) Seliokaite,A (1165)-Goetz,T (1385) Willingen 2017}) 10. Be3 Nf6 11. Qe2 (11. Rc1 $11 {feels stronger.}) 11... Be7 $15 12. Rad1 Qb8 13. a4 b4 14. Nd5 exd5 $19 15. exd5 Nxd5 16. Bg5 Kf8 $2 (16... O-O $19 17. Qe4 g6 $1 18. Qxd5 Ne5 $1) 17. Be4 $1 $11 Bxg5 $2 (17... h6 $11 18. Bc1 Nf6 19. Bxc6 Bxc6 20. Qxe7+ Kg8) 18. Nxg5 $18 Nce7 (18... Ne5 $16 {is a better defense.}) 19. Qf3 Nf6 {[%emt 0:00:04] aiming for ...d5.} (19... f6 $2 20. Rxd5 Ra7 21. Rd4 Bxe4 22. Nxe4 $18) 20. Bxb7 Ra7 {[#]} 21. Qb3 $2 {[%emt 0:02:51] 0x0.002ac30e2aaadp-1022s more active pieces. The black rooks are badly placed.} d5 $1 $36 {[%emt 0:00:53][%mdl 2048] Black is pushing.} 22. Rxe7 Rxb7 23. Rxb7 Qxb7 24. a5 g6 25. Rd4 Kg7 {[%emt 0:00:04] Black wants to play ...Rc8.} 26. Qxb4 Rc8 {[%emt 0:00:52] ( -> ...Rc1+)} 27. g3 Rc1+ 28. Kg2 Qxb4 29. Rxb4 {[%emt 0:00:08][%mdl 4096] Endgame KRN-KRN} h6 30. Nf3 Ne4 31. Nd4 {[%emt 0:00:19] Prevents Rc2.} Rc5 32. Rb7 {[%emt 0:01:06] Hoping for Ne6+.} Rxa5 33. Ne6+ Kg8 34. Rb8+ {[%emt 0:00:22] The position is equal.} Kh7 35. Rb7 Kg8 36. Rb8+ Kh7 37. Rb7 Nd6 (37... Kg8 $5 38. Rb8+ $11) 38. Rd7 Rb5 39. Nc7 Rb7 40. Nxd5 Rxd7 41. Nf6+ Kg7 42. Nxd7 {[%emt 0:00:04] KN-KN} a5 43. f3 g5 44. Kf2 h5 45. Ke2 Kg6 46. Kd3 Kf5 47. Kd4 g4 48. fxg4+ Kxg4 49. Nf6+ Kg5 50. Kc5 Nb7+ {Quite a comeback for White.  Weighted Error Value: White=0.17 (very precise) /Black=0.32} 1/2-1/2

[Event "GER-ch Youth-U18 2022"]
[Site "Willingen"]
[Date "2022.06.09"]
[Round "7.9"]
[White "Muller, Magnus"]
[Black "Haack, Kevin"]
[Result "1/2-1/2"]
[ECO "D30"]
[WhiteElo "1464"]
[BlackElo "2176"]
[Annotator "TA"]
[PlyCount "88"]
[EventDate "2022.06.05"]
[EventType "swiss"]
[EventRounds "9"]
[EventCountry "GER"]
[SourceTitle "playchess.com"]
[Source "ChessBase"]
[SourceQuality "1"]
[TimeControl "40/4500+30:900+30"]

1. d4 d5 2. c4 e6 3. Nf3 Nf6 4. g3 Bb4+ 5. Nc3 Ne4 ({Black should play} 5... O-O $11) 6. Bd2 {[%emt 0:08:47] aiming for Nxe4. E20: Nimzo-Indian: 4 g3 and 4 f3.} Bxc3 7. Bxc3 {[%emt 0:00:22] [#]} O-O $146 ({Predecessor:} 7... Nxc3 8. bxc3 O-O 9. c5 b6 10. cxb6 axb6 11. Bg2 Ra3 12. Qd2 Nc6 13. O-O Ba6 {0-1 (47) Stroganov,A (1933)-Korolev,A (2087) St Petersburg 2007}) 8. Bg2 Nxc3 9. bxc3 c6 10. O-O Nd7 11. Nd2 Qc7 12. cxd5 cxd5 13. Qb3 Nb6 14. a4 Rb8 15. a5 Nd7 16. Rfc1 {[%emt 0:00:37] White is more active.} b5 {[%emt 0:01:39] Prevents c4.} 17. axb6 $1 Rxb6 18. Qd1 Ba6 {[%emt 0:02:50] Against c4} 19. e4 Nf6 20. Ra3 Bb5 21. exd5 exd5 22. Nb3 a6 23. Nc5 Nd7 24. Nd3 $1 Qd6 25. Rca1 Rc8 26. Nb4 Nf6 27. Qf3 Bc4 28. Qf5 Qe6 29. Qxe6 fxe6 30. f3 Kf7 31. Bf1 a5 32. Nc2 a4 (32... Bb3 $15 33. Ne3 Rxc3) 33. Bxc4 $11 Rxc4 34. Nb4 Rb7 35. Nd3 {[%emt 0:01:14] [#] Hoping for Ne5+.} Nd7 36. Kf2 Kf6 37. Ke3 Rbc7 38. Kd2 e5 (38... Ra7 $11 {keeps the balance.}) 39. dxe5+ ({White has to play} 39. Rxa4 $16 {Ra6+ is the strong threat.} exd4 40. cxd4) 39... Nxe5 {[%emt 0:00:16] The position is equal.} 40. Nxe5 Kxe5 41. Rxa4 Rxc3 $16 {[%emt 0:00:00] KRR-KRR} 42. Re1+ Kd6 43. Ra6+ Kd7 44. Ra5 Kd6 {[%emt 0:00:00] Weighted Error Value: White=0.10 (very precise) /Black=0.16 (very precise)} 1/2-1/2